 Dungeon Crawl Stone Soup version 0.28-a0-477-g0b43c73ce0 (webtiles) character file.

Game seed: 3055329074019739671

22134 Dabor the Spear-Bearer (level 12, -5/115 HPs)
             Began as a Naga Berserker on Sept 17, 2021.
             Was an Elder of Trog.
             Slain by an ice devil (14 damage)
             ... in an ice cave.
             The game lasted 00:33:12 (16124 turns).

Dabor the Spear-Bearer (Naga Berserker)            Turns: 16124, Time: 00:33:13

Health: -5/115     AC: 14    Str: 24    XL:     12   Next: 97%
Magic:  12/12      EV: 13    Int:  7    God:    Trog [****..]
Gold:   1818       SH:  0    Dex: 14    Spells: 11/11 levels left

rFire   + + .      SeeInvis +   g - +5 quarterstaff (spect)
rCold   . . .      Faith    .   (shield currently unavailable)
rNeg    . . .      Spirit   .   k - +0 troll leather armour
rPois   +          Reflect  .   (helmet restricted)
rElec   .          Harm     .   (no cloak)
rCorr   .          Rampage  .   m - +2 pair of gloves {archery}
Will    +....      Rnd*Tele +   (no barding)
Stlth   +++++.....              (no amulet)
HPRegen 1.29/turn               r - ring of protection from fire
MPRegen 0.13/turn               A - ring of protection from fire

@: about to teleport, studying Polearms, unable to read, very slow
A: AC +4, large, see invisible, deformed body, poison resistance, slowness 2,
spit poison 1, naga tail 1, horns 1, iridescent scales 2, strong 1, teleportitis
2, inability to read while threatened
a: Spit Poison, Renounce Religion, Berserk, Trog's Hand, Brothers in Arms


You were in an ice cave.
You worshipped Trog.
Trog was greatly pleased with you.
You visited 2 branches of the dungeon, and saw 13 of its levels.
You also visited: Gauntlet and Ice Cave.

You collected 1853 gold pieces.
You spent 35 gold pieces at shops.

Inventory:

Hand Weapons
 a - a +0 spear of chaos
 g - a +5 spectral quarterstaff (weapon)
 o - a +0 spear of venom
Missiles
 l - 6 javelins
 s - 2 datura-tipped darts
 v - 66 poisoned darts
Armour
 k - a +0 troll leather armour (worn)
 m - a +2 pair of gloves of archery (worn)
 n - a +0 kite shield
 q - a +2 scale mail of poison resistance
Jewellery
 p - a ring of magical power
 r - a ring of protection from fire (left hand)
 A - a ring of protection from fire (right hand)
Wands
 w - a wand of mindburst (10)
 z - a wand of flame (21)
 B - a wand of acid (10)
 C - a wand of digging (8)
Scrolls
 b - 2 scrolls of fog
 c - a scroll of teleportation
 e - 4 scrolls of fear
 i - 3 scrolls of blinking
 u - 3 scrolls of magic mapping
 x - 3 scrolls of summoning
 y - 6 scrolls of identify
Potions
 d - 3 potions of curing
 f - a potion of resistance
 h - 3 potions of brilliance
 j - 2 potions of flight
 t - a potion of magic
 D - 2 potions of ambrosia
 E - a potion of invisibility


   Skills:
 + Level 9.5 Fighting
 * Level 13.8 Polearms
 - Level 4.0 Throwing
 + Level 7.7 Armour
 + Level 7.8 Dodging
 + Level 13.1 Stealth


You had 11 spell levels left.
You didn't know any spells.
Your spell library was empty.

Dungeon Overview and Level Annotations

Branches:
Dungeon (12/15)            Temple (0/1) D:5            Lair (1/6) D:11
    Orc (0/2) D:9           IceCv (1/1)             Gauntlet (visited)

Altars:
Gozag
Kikubaaqudgha
Okawaru
Qazlal
Sif Muna
Uskayaw
Vehumet
Wu Jian

Shops:
D:10 ((*   D:11 :


Innate Abilities, Weirdness & Mutations

Your serpentine skin is tough. (AC +4)
You have supernaturally acute eyesight. (SInv)
Armour fits poorly on your strangely shaped body.
Your system is resistant to poisons. (rPois)
You cover ground very slowly.
You can spit poison.
You have a snake-like lower body.
You have a pair of small horns on your head.
You are mostly covered in iridescent scales. (AC +4)
Your muscles are strong. (Str +2)
You are sometimes teleported next to monsters.
You sometimes lose the ability to read scrolls when taking damage.


Message History

Found an ancient bone altar of Kikubaaqudgha.
The ice devil closely misses you.
The ice devil hits you but does no damage.
As you read the scroll of teleportation, it crumbles to dust.
You feel strangely unstable. The ice devil closely misses you.
The ice devil barely misses you.
The polar bear simulacrum bites you but does no damage.
The polar bear simulacrum closely misses you.
The polar bear simulacrum claws you but does no damage.
The wolf simulacrum bites you but does no damage.
The ice devil closely misses you. The wolf simulacrum bites you.
The wolf simulacrum freezes you.
You barely miss the harpy simulacrum.
Your +5 spectral quarterstaff hits the harpy simulacrum!
The harpy simulacrum claws you but does no damage.
The harpy simulacrum claws you. The harpy simulacrum freezes you!
You feel threatened and lose the ability to read scrolls!
The wolf simulacrum completely misses you.
The ice devil hits you! The ice devil freezes you!!
The harpy simulacrum claws you. The harpy simulacrum freezes you!
* * * LOW HITPOINT WARNING * * *
The harpy simulacrum claws you.
* * * LOW HITPOINT WARNING * * *
The harpy simulacrum freezes you!
* * * LOW HITPOINT WARNING * * *
The anaconda simulacrum bites your +5 spectral quarterstaff.
The anaconda simulacrum freezes your +5 spectral quarterstaff!
Your +5 spectral quarterstaff resists.
Your spectral weapon shares its damage with you!
* * * LOW HITPOINT WARNING * * *
You feel better.
The harpy simulacrum completely misses you.
The harpy simulacrum claws you but does no damage.
The wolf simulacrum misses you.
The harpy simulacrum claws you but does no damage.
The harpy simulacrum completely misses you.
The ice devil hits you.
* * * LOW HITPOINT WARNING * * *
The ice devil freezes you!
You die...

###≈≈ .
#≈≈≈ .. ##
#≈≈≈
...#.###.≈
#...4ZZ..#
#..Z.4ZZ.#
#8W4.Z48#
#..ZZ4Z@#
#....Z4Z#
#.......#
#8.....8#
##......#
#.....##
##...##
##+#


You could see 6 ice devils, a freezing wraith (dormant), an anaconda simulacrum,
2 wolf simulacra, a death yak simulacrum, a dire elephant simulacrum, 3 polar
bear simulacra, 2 harpy simulacra and an entropy weaver simulacrum.

Vanquished Creatures
  A cacodemon (Gauntlet)
  A minotaur (Gauntlet)
  A hydra (Lair:1)
  Erica (D:9)
  4 two-headed ogres
  A lindwurm (shapeshifter) (Gauntlet)
  4 ugly things
  A cyclops (D:12)
  2 centaur zombies
  Joseph (D:7)
  An ice statue (Gauntlet)
  An unseen horror (D:11)
  3 cane toads (Lair:1)
  A gargoyle (D:10)
  A kobold demonologist (D:10)
  A komodo dragon (Lair:1)
  A rime drake (Gauntlet)
  2 trolls
  Prince Ribbit (D:5)
  A meliai zombie (D:11)
  3 spriggans (Lair:1)
  A shadow (D:12)
  16 yaks
  Grum (Lair:1)
  2 neqoxecs (Gauntlet)
  2 wraiths (D:11)
  2 steam dragons
  2 vampire mosquitoes (D:11)
  2 death yak simulacra (IceCv)
  Menkaure (D:4)
  An acid dragon (D:11)
  Duvessa (D:5)
  3 water moccasins
  A black bear (D:4)
  4 orc warriors
  2 ogres (D:7)
  A necrophage (D:6)
  8 wolves (Lair:1)
  5 centaurs
  A phantom (D:5)
  A kobold brigand (D:10)
  A gnoll sergeant (D:8)
  A water moccasin zombie (D:5)
  2 scorpions
  7 bullfrogs
  A cane toad simulacrum (IceCv)
  2 water moccasin skeletons
  Dowan (D:5)
  7 killer bees (D:8)
  5 wights (D:8)
  An electric eel (Lair:1)
  A jelly (D:7)
  2 orc priests
  3 centaur skeletons
  3 hounds
  5 iguanas
  7 orc wizards
  A wolf simulacrum (IceCv)
  9 gnolls
  4 adders
  A white imp (D:5)
  An ufetubus (D:6)
  2 adder skeletons
  7 worms
  6 dart slugs
  20 orcs
  2 ball pythons
  7 endoplasms
  2 giant cockroaches
  8 goblins
  9 hobgoblins
  A jackal (shapeshifter) (Gauntlet)
  3 quokkas
  6 bats
  3 frilled lizards
  14 kobolds
  3 rats
  A bush (D:5)
249 creatures vanquished.

Vanquished Creatures (collateral kills)
  2 yaks (Lair:1)
2 creatures vanquished.

Vanquished Creatures (others)
  An orc wizard (D:6)
  4 fungi (Lair:1)
5 creatures vanquished.

Grand Total: 256 creatures vanquished

Notes
Turn   | Place    | Note
-------+----------+-------------------------------------------
     0 | D:1      | Dabor the Naga Berserker began the quest for the Orb.
     0 | D:1      | Reached XP level 1. HP: 21/21 MP: 1/1
   520 | D:1      | Reached XP level 2. HP: 28/28 MP: 2/2
  1271 | D:1      | Found a faded altar of an unknown god.
  1367 | D:1      | Reached XP level 3. HP: 28/34 MP: 3/3
  1674 | D:2      | Found an opulent altar of Gozag.
  2233 | D:3      | Reached ** piety under Trog
  2322 | D:3      | Found a shimmering blue altar of Sif Muna.
  2515 | D:3      | Reached XP level 4. HP: 31/42 MP: 4/4
  2641 | D:3      | Reached skill level 1 in Stealth
  3015 | D:3      | Found a hide-covered altar of Uskayaw.
  3318 | D:4      | Reached XP level 5. HP: 50/50 MP: 5/5
  3583 | D:4      | Reached XP level 6. HP: 24/57 MP: 6/6
  4667 | D:4      | Noticed Menkaure
  4680 | D:4      | Killed Menkaure
  4681 | D:4      | Reached XP level 7. HP: 66/66 MP: 7/7
  4983 | D:4      | Reached *** piety under Trog
  5081 | D:4      | Found an ancient bone altar of Kikubaaqudgha.
  5165 | D:5      | Entered Level 5 of the Dungeon
  5321 | D:5      | Reached skill level 5 in Stealth
  5834 | D:5      | Reached skill level 5 in Polearms
  5834 | D:5      | Reached XP level 8. HP: 19/73 MP: 8/8
  6328 | D:5      | Reached skill level 5 in Fighting
  6851 | D:5      | Noticed Prince Ribbit
  6865 | D:5      | Killed Prince Ribbit
  7007 | D:5      | Noticed Dowan
  7018 | D:5      | Killed Dowan
  7051 | D:5      | Noticed Duvessa
  7086 | D:5      | Killed Duvessa
  7273 | D:5      | Found a staircase to the Ecumenical Temple.
  8145 | D:6      | Reached XP level 9. HP: 36/82 MP: 9/9
  8902 | D:6      | Gained mutation: You have hidden genetic defects. [potion
                  | of mutation]
  8902 | D:6      | Gained mutation: You are weak. (Str -2) [potion of
                  | mutation]
  8903 | D:6      | Lost mutation: You are weak. (Str -2) [potion of mutation]
  8903 | D:6      | Lost mutation: You have hidden genetic defects. [potion of
                  | mutation]
  8903 | D:6      | Gained mutation: You are occasionally teleported next to
                  | monsters. [potion of mutation]
  8903 | D:6      | Gained mutation: Your spells are a little harder to cast,
                  | but a little more powerful. [potion of mutation]
  8903 | D:6      | Gained mutation: You expend magic power (3 MP) to
                  | strengthen your wands. [potion of mutation]
  8903 | D:6      | Gained mutation: Your flesh is heat resistant. (rF+)
                  | [potion of mutation]
  8904 | D:6      | Lost mutation: Your spells are a little harder to cast, but
                  | a little more powerful. [potion of mutation]
  8904 | D:6      | Lost mutation: You expend magic power (3 MP) to strengthen
                  | your wands. [potion of mutation]
  8904 | D:6      | Gained mutation: You are clumsy. (Dex -2) [potion of
                  | mutation]
  8905 | D:6      | Lost mutation: Your flesh is heat resistant. (rF+) [potion
                  | of mutation]
  8905 | D:6      | Lost mutation: You are clumsy. (Dex -2) [potion of
                  | mutation]
  8905 | D:6      | Gained mutation: You are partially covered in iridescent
                  | scales. (AC +2) [potion of mutation]
  8905 | D:6      | Gained mutation: You are agile. (Dex +2) [potion of
                  | mutation]
  8905 | D:6      | Lost mutation: You are agile. (Dex +2) [potion of mutation]
  8905 | D:6      | Gained mutation: You are mostly covered in iridescent
                  | scales. (AC +4) [potion of mutation]
  9233 | D:7      | Reached skill level 1 in Throwing
  9263 | D:7      | Reached skill level 5 in Armour
  9504 | D:7      | Reached skill level 5 in Dodging
  9706 | D:7      | Noticed Joseph
  9730 | D:7      | Killed Joseph
  9731 | D:7      | Reached XP level 10. HP: 58/92 MP: 10/10
 10258 | D:8      | Noticed a two-headed ogre
 10270 | D:8      | Killed a two-headed ogre
 10777 | D:9      | Identified a scroll of acquirement
 10777 | D:9      | Acquired a manual of Polearms
 11121 | D:9      | Reached skill level 10 in Stealth
 11535 | D:9      | Noticed Erica
 11551 | D:9      | Killed Erica
 11666 | D:9      | Reached XP level 11. HP: 93/100 MP: 11/11
 11976 | D:9      | Found an iron altar of Okawaru.
 11994 | D:9      | Found an ornate altar of the Wu Jian Council.
 12034 | D:9      | Found a staircase to the Orcish Mines.
 12196 | D:10     | Entered Level 10 of the Dungeon
 12213 | D:10     | Noticed a red ugly thing
 12225 | D:10     | Killed a red ugly thing
 12405 | D:10     | Found Lagudur's Assorted Antiques.
 12610 | D:10     | Bought a lumpy sapphire potion for 24 gold pieces
 12632 | D:10     | Found a radiant altar of Vehumet.
 12661 | D:10     | Found Nomiughu's Antique Weapon Shoppe.
 12755 | D:10     | Found a stormy altar of Qazlal.
 12898 | D:10     | Found Deschosk's Weapon Boutique.
 12901 | D:10     | Bought 2 datura-tipped darts for 11 gold pieces
 13036 | D:10     | Reached **** piety under Trog
 13172 | D:11     | Reached skill level 10 in Polearms
 13184 | D:11     | Noticed a brown ugly thing
 13194 | D:11     | Killed a brown ugly thing
 13234 | D:11     | Noticed a purple ugly thing
 13248 | D:11     | Killed a purple ugly thing
 13305 | D:11     | Found a staircase to the Lair.
 13306 | D:11     | Found a gate leading to a gauntlet.
 13313 | Gauntlet | Entered a Gauntlet
 13313 | Gauntlet | Noticed a death scarab
 13313 | Gauntlet | Found a transporter.
 13313 | Gauntlet | Found a transporter.
 13313 | Gauntlet | Found a transporter.
 13350 | Gauntlet | Found a transporter.
 13350 | Gauntlet | Found a transporter.
 13353 | Gauntlet | Found a transporter.
 13353 | Gauntlet | Noticed a fire crab
 13357 | Gauntlet | Noticed a worldbinder
 13365 | Gauntlet | Found a transporter.
 13366 | Gauntlet | Found a transporter.
 13367 | Gauntlet | Found a transporter.
 13368 | Gauntlet | Found a transporter.
 13371 | Gauntlet | Noticed a hell beast
 13373 | Gauntlet | a fire crab changed into a raiju
 13376 | Gauntlet | Acquired 944 gold pieces
 13382 | Gauntlet | Found a transporter.
 13384 | Gauntlet | Found a transporter.
 13384 | Gauntlet | Noticed a cacodemon
 13538 | Gauntlet | Noticed a lindwurm
 13556 | Gauntlet | Killed a lindwurm
 13613 | Gauntlet | Gained mutation: You are weak. (Str -2) [a cacodemon]
 13618 | Gauntlet | Gained mutation: You sometimes lose the ability to read
                  | scrolls when taking damage. [a cacodemon]
 13619 | Gauntlet | Gained mutation: Your body sometimes deteriorates upon
                  | taking damage. [a neqoxec]
 13622 | Gauntlet | Gained mutation: You are sometimes teleported next to
                  | monsters. [a neqoxec]
 13623 | Gauntlet | Killed a cacodemon
 13623 | Gauntlet | Gained mutation: You are frail. (-10% HP) [a neqoxec]
 13639 | Gauntlet | Lost mutation: You are frail. (-10% HP) [potion of
                  | mutation]
 13639 | Gauntlet | Lost mutation: You are weak. (Str -2) [potion of mutation]
 13639 | Gauntlet | Gained mutation: You have a pair of small horns on your
                  | head. [potion of mutation]
 13639 | Gauntlet | Lost mutation: Your body sometimes deteriorates upon taking
                  | damage. [potion of mutation]
 13639 | Gauntlet | Gained mutation: Your muscles are strong. (Str +2) [potion
                  | of mutation]
 13685 | Gauntlet | Noticed a minotaur
 13697 | Gauntlet | Killed a minotaur
 13698 | Gauntlet | Reached XP level 12. HP: 95/112 MP: 12/12
 13851 | D:11     | Noticed a two-headed ogre
 13858 | D:11     | Killed a two-headed ogre
 13877 | D:11     | Noticed a two-headed ogre
 14007 | D:11     | Killed a two-headed ogre
 14246 | D:11     | Found Vojuf's Book Boutique.
 15001 | D:12     | Noticed a two-headed ogre
 15007 | D:12     | Killed a two-headed ogre
 15775 | Lair:1   | Entered Level 1 of the Lair of Beasts
 15775 | Lair:1   | Noticed Grum
 15784 | Lair:1   | Killed Grum
 15888 | Lair:1   | Noticed a six-headed hydra
 15898 | Lair:1   | Killed a six-headed hydra
 16082 | Lair:1   | Found a frozen archway.
 16098 | IceCv    | Entered an ice cave
 16119 | IceCv    | Found an ancient bone altar of Kikubaaqudgha.
 16123 | IceCv    | HP: 5/115 [anaconda simulacrum (4)]
 16124 | IceCv    | Slain by an ice devil

Illustrated notes

Levels and vault maps discovered:
D:1:      minmay_arrival_semitransparent, layout_basic, basic_ecumenical_altar
D:2:      layout_loops_ring, basic_altar, kennysheep_another_room
D:3:      layout_basic, nicolae_uskayaw_murder_on_the_dancefloor,
          nicolae_sif_muna_condensation
D:4:      layout_loops_ring, kennysheep_mini, minmay_between, uniq_menkaure
D:5:      layout_rooms, temple_pool_b, kb_lookout_dungeons_type,
          uniq_prince_ribbit1, uniq_duvessa
D:6:      layout_basic
D:7:      layout_rooms, corexii_checkpoint_a, uniq_joseph
D:8:      layout_rooms
D:9:      layout_long_grid, okawaru_altar_gauntlet_db, nzn_wu_jian_council_hall,
          uniq_erica
D:10:     layout_small_grid, mainiacjoe_overflow_chevrons,
          mainiacjoe_overflow_concentric_impassable, serial_shops,
          kennysheep_mini_moat, shop, shop, patterned_corridor
D:11:     layout_gridville, lair_entry_dummy, serial_shops,
          nicolae_shop_behind_doors, gauntlet_entry_generic
D:12:     layout_layer_cave
Lair:1:   kb_forest_paths, layout_gridlike, portal_ice_cave_entry_pillars_1,
          nicolae_quartered_pool_little, beast_lair_carwin_3, uniq_grum
IceCv:    ice_cave_small_necro

Skill      XL: |  1  2  3  4  5  6  7  8  9 10 11 12 |
---------------+-------------------------------------+-----
Dodging        | 2 3 4 5 6 7 |  7.8
Armour         | 2 3 4 5 6 7 |  7.7
Stealth        | 2 3 4 5 7 9 10 11 13 | 13.1
Fighting       | 4 5 6 7 8 9 |  9.5
Polearms       | 4 5 6 8 11 13 | 13.8
Throwing       | 2 3 4 |  4.0

Action                   |  1- 3 |  4- 6 |  7- 9 | 10-12 || total
-------------------------+-------+-------+-------+-------++-------
Melee: Spear             |   115 |   157 |   416 |    38 ||   726
       Quarterstaff      |       |       |       |   324 ||   324
       Headbutt          |       |       |       |    31 ||    31
Throw: Dart              |       |       |       |    17 ||    17
Invok: Berserk           |     2 |     3 |    12 |    18 ||    35
       Trog's Hand       |       |     1 |     8 |     7 ||    16
       Brothers in Arms  |       |       |       |     1 ||     1
 Abil: Spit Poison       |       |       |     4 |    13 ||    17
  Use: Scroll            |       |     6 |     6 |    16 ||    28
       Potion            |       |       |     8 |     5 ||    13
 Stab: Sleeping          |     1 |       |     5 |     4 ||    10
       Distracted        |       |       |       |     5 ||     5
       Invisible         |       |       |       |     1 ||     1
Armor: Animal skin       |     1 |       |       |       ||     1
       Leather armour    |     7 |       |       |       ||     7
       Ring mail         |       |    12 |       |       ||    12
       Chain mail        |       |    54 |    68 |       ||   122
       Skin              |       |       |     4 |       ||     4
       Scale mail        |       |       |   113 |    95 ||   208
       Troll leather arm |       |       |       |    77 ||    77
Dodge: Dodged            |    28 |    38 |   124 |   208 ||   398

Table legend: (Time is in decaauts)
 A = Elapsed time spent in this place.
 B = Non-inter-level travel time spent in this place.
 C = Inter-level travel time spent in this place.
 D = Time resting spent in this place.
 E = Time spent auto-exploring this place.
 F = Levels seen in this place.
 G = Mean time per level.
                   A        B        C        D        E       F      G
               +--------+--------+--------+--------+--------+-----+--------+
         Total |  19261 |  18624 |    637 |   5813 |   9233 |  15 | 1284.1 |
       Dungeon |  18147 |  17510 |    637 |   5645 |   9173 |  12 | 1512.2 |
          Lair |    430 |    430 |      0 |     33 |     59 |   1 |  430.0 |
      Ice Cave |     30 |     30 |      0 |      0 |      0 |   1 |   30.0 |
      Gauntlet |    653 |    653 |      0 |    134 |      0 |   1 |  653.0 |
               +--------+--------+--------+--------+--------+-----+--------+

Top non-repeatable levels by time:
     D:4: 3027 daAuts
     D:6: 1918 daAuts
     D:9: 1788 daAuts
     D:5: 1678 daAuts
     D:1: 1648 daAuts
    D:12: 1521 daAuts
     D:3: 1322 daAuts
    D:11: 1281 daAuts
    D:10: 1156 daAuts
     D:7: 975 daAuts
     D:2: 939 daAuts
     D:8: 890 daAuts
Gauntlet: 653 daAuts
  Lair:1: 430 daAuts
   IceCv: 30 daAuts
